 Dungeon Crawl Stone Soup version 0.21.1-1-g345015f (webtiles) character file.

11 Kagorn the Skirmisher (level 2, -3/16 HPs)
             Began as a Vine Stalker Fighter on June 16, 2018.
             Slain by a leopard gecko (4 damage)
             ... on level 1 of the Dungeon.
             The game lasted 00:03:42 (241 turns).

Kagorn the Skirmisher (Vine Stalker Fighter)         Turns: 241, Time: 00:03:43

Health: -3/16      AC:  3    Str: 18    XL:     2   Next: 25%
Magic:  0/3        EV:  8    Int:  8    God:
Gold:   15         SH:  9    Dex: 13    Spells: 1/1 levels left

rFire    . . .     SeeInvis .   a - +0 rapier
rCold    . . .     Gourm    .   c - +0 shield
rNeg     . . .     Faith    .   k - +0 leather armour
rPois    .         Spirit   +   (no helmet)
rElec    .         Reflect  .   (no cloak)
rCorr    .         Harm     .   (no gloves)
MR       .....                  (no boots)
Stlth    +.........             g - amulet of rage
HPRegen  0.05/turn              i - ring of flight
MPRegen  0.08/turn              (no ring)

@: no status effects
A: fangs 2, magic shield, antimagic bite, no potion heal 3, rot immunity
a: Evoke Berserk Rage, Evoke Flight


You were on level 1 of the Dungeon.
You were not hungry.

You visited 1 branch of the dungeon, and saw 1 of its levels.

You collected 15 gold pieces.

Inventory:

Hand Weapons
 a - a +0 rapier (weapon)
Missiles
 h - 4 tomahawks (quivered)
Armour
 b - a +0 scale mail
 c - a +0 shield (worn)
 k - a +0 leather armour (worn)
Jewellery
 g - an amulet of rage (around neck)
 i - a ring of flight (left hand)
Scrolls
 e - a scroll of identify {unknown}
Potions
 d - a potion of might
Comestibles
 f - 5 rations


   Skills:
 * Level 2.8 Fighting
 * Level 2.1 Short Blades
 + Level 2.4 Armour
 + Level 0.2 Dodging
 + Level 0.4 Stealth
 + Level 2.7 Shields


You had one spell level left.
You didn't know any spells.

Dungeon Overview and Level Annotations

Branches:
Dungeon (1/15)

Altars:


Innate Abilities, Weirdness & Mutations

You have extremely sharp teeth.
When hurt, damage is shared between your health and your magic reserves.
Your bite disrupts and absorbs the magic of your enemies.
Potions cannot restore your health.
You are immune to rotting.


Message History

You feel a little less mighty now. The jackal bites you.
* * * LOW HITPOINT WARNING * * *
The jackal bites you but does no damage.
You block the leopard gecko's attack.
The jackal bites you but does no damage.
The jackal bites you.
* * * LOW HITPOINT WARNING * * *
Unknown command.
You hit the kobold. Your bite misses the kobold.
The kobold is moderately wounded.
You block the leopard gecko's attack. You block the jackal's attack.
The jackal barely misses you. The kobold hits you but does no damage.
The leopard gecko barely misses you.
You hit the kobold but do no damage. Your bite misses the kobold.
The kobold is moderately wounded.
The jackal bites you.
The jackal bites you but does no damage.
You block the kobold's attack. The leopard gecko bites you.
You die...

.#......##....... .. .
....h...##......# ...
..#.....++......##### . ...
........##........... ...##.##
........##...................[
........+.................#...
........#.................#..#
........'†.†lh................
.....####...h@.####+#.....#...
#.K. #...K..#...........)..
#.. ##.....#..[....#...... +.
...##....##.......#.(.... #
..........................
........†.................
#...........#.............
............###...........
............# #...........


You could see a leopard gecko, 2 jackals and a kobold.

Vanquished Creatures
  A leopard gecko (D:1)
  2 bats (D:1)
  A giant cockroach (D:1)
  A goblin (D:1)
  2 jackals (D:1)
  A kobold (D:1)
  A rat (D:1)
9 creatures vanquished.

Notes
Turn   | Place    | Note
-------+----------+-------------------------------------------
     0 | D:1      | Kagorn the Vine Stalker Fighter began the quest for the Orb.
     0 | D:1      | Reached XP level 1. HP: 11/11 MP: 2/2
   121 | D:1      | Reached XP level 2. HP: 14/16 MP: 3/3
   241 | D:1      | Slain by a leopard gecko

Skill      XL: |  1 |
---------------+----+-----
Short Blades   | 2 |  2.1
Fighting       | |  2.8
Armour         | |  2.4
Dodging        | |  0.2
Stealth        | |  0.4
Shields        | |  2.7

Action                   || total
-------------------------++-------
Melee: Rapier            ||    38
       Bite              ||     6
  Use: Potion            ||     2
 Stab: Sleeping          ||     1
Armor: Scale mail        ||     3
       Leather armour    ||    23
Dodge: Dodged            ||    19
Block: Shield            ||    42
